 Dungeon Crawl Stone Soup version 0.28.0-45-g0d030f2227 (webtiles) character file.

Game seed: 11464278329387867615

3050 MisterFreud the Slicer (level 9, -8/51 HPs)
             Began as an Octopode Conjurer on May 6, 2022.
             Was an Initiate of Cheibriados.
             Mangled by a troll (13 damage)
             ... on level 7 of the Dungeon.
             The game lasted 00:14:47 (10306 turns).

MisterFreud the Slicer (Octopode Conjurer)         Turns: 10306, Time: 00:14:47

Health: -8/51      AC:  4    Str: 16    XL:     9   Next: 87%
Magic:  14/15      EV: 14    Int: 26    God:    Cheibriados [......]
Gold:   299        SH:  5    Dex: 11    Spells: 13/16 levels left

rFire   . . .      SeeInvis .   f - +9 dagger (venom)
rCold   x . .      Faith    .   d - +1 buckler
rNeg    . . .      Spirit   .   l - +1 hat
rPois   .          Reflect  .   (no amulet)
rElec   .          Harm     .   c - ring "Yroashri" {rC- Will+ Str+9}
rCorr   .          Rampage  .   (no ring)
Will    +....      Rnd*Tele +   (no ring)
Stlth   +++.......              (no ring)
HPRegen 0.17/turn               (no ring)
MPRegen 0.14/turn               (no ring)
                                (no ring)
                                (no ring)

@: very slow
A: almost no armour, amphibious, 8 rings, camouflage 1, gelatinous body 1,
(nimble swimmer 1), tentacles, iridescent scales 1, teleportitis 1
a: Renounce Religion


You were on level 7 of the Dungeon.
You worshipped Cheibriados.
Cheibriados was noncommittal.
You visited 2 branches of the dungeon, and saw 9 of its levels.

You collected 299 gold pieces.

Inventory:

Hand Weapons
 f - a +9 dagger of venom (weapon)
Missiles
 e - 20 poisoned darts
 g - 4 javelins
 h - 5 boomerangs
 r - 4 throwing nets
Armour
 d - a +1 buckler (worn)
 l - a +1 hat (worn)
Jewellery
 c - the ring "Yroashri" (left tentacle) {rC- Will+ Str+9}
   (You acquired it on level 3 of the Dungeon)

   [ring of willpower]

   Str:       It affects your strength (+9).
   rC:        It makes you vulnerable to cold.
   Will:      It increases your willpower.
 j - a ring of fire
 t - an amulet of guardian spirit
 u - a ring of poison resistance
Wands
 m - a wand of paralysis (11)
 o - a wand of mindburst (4)
 q - a wand of polymorph (10)
 w - a wand of iceblast (10)
Scrolls
 a - 2 scrolls of enchant armour
 i - a scroll of immolation
 k - a scroll of silence
 n - 4 scrolls of identify
 p - a scroll of torment
 s - a scroll of teleportation
Potions
 b - a potion of attraction
 v - 2 potions of haste
 x - a potion of curing


   Skills:
 - Level 10.0 Short Blades
 + Level 5.6 Dodging
 - Level 2.6 Stealth
 - Level 4.0 Shields
 - Level 4.0 Spellcasting
 - Level 6.0 Conjurations


You had 13 spell levels left.
You knew the following spells:

 Your Spells              Type           Power      Damage    Failure   Level
a - Magic Dart            Conj           100%       1d8       1%          1
b - Searing Ray           Conj           72%        2d7       1%          2

Your spell library contained the following spells:

 Spells                   Type           Power      Damage    Failure   Level
 Shock                    Conj/Air       80%        1d8       3%          1
 Dazzling Flash           Conj/Hex       40%        N/A       10%         3
 Mephitic Cloud           Conj/Pois/Air  15%        N/A       14%         3
 Fulminant Prism          Conj/Hex       10%        3d9       30%         4
 Iskenderun's Mystic Bla  Conj/Tloc      20%        2d6       30%         4
 Gell's Gravitas          Tloc           5%         N/A       32%         3
 Lesser Beckoning         Tloc           5%         N/A       32%         3
 Teleport Other           Tloc           5%         N/A       32%         3
 Maxwell's Capacitive Co  Air            2%         ∞         100%        8


Dungeon Overview and Level Annotations

Branches:
Dungeon (8/15)             Temple (1/1) D:7
   Lair: D:8-11

Altars:
Ashenzari
Cheibriados
Dithmenos
Hepliaklqana
Kikubaaqudgha
Makhleb
Nemelex Xobeh
Okawaru
Qazlal
Ru
Sif Muna
Trog
Uskayaw
Wu Jian
Xom
Yredelemnul
The Shining One


Innate Abilities, Weirdness & Mutations

You cannot wear most types of armour.
You are amphibious.
You can wear up to eight rings at the same time.
Your skin changes colour to match your surroundings (Stealth+).
Your rubbery body absorbs attacks. (AC +1, EV +1)
((You are camouflaged when in or above water. (Stealth+)))
You have tentacles for arms and can constrict up to eight enemies at once.
You are partially covered in iridescent scales. (AC +2)
You are occasionally teleported next to monsters.


Message History

You lose your grip on the hornet.
You can move again.
You hit the hornet but do no damage. Your grab misses the hornet.
The hornet is severely wounded.
The hornet misses you. The orc priest barely misses you.
Unknown command.
You hit the hornet.
The hornet is poisoned.
Your grab misses the hornet.
The hornet is severely wounded.
You block the hornet's attack.
The orc priest looks satisfied for a moment.
You completely miss the hornet. Your grab misses the hornet.
Your squeeze misses the hornet.
The hornet is severely wounded.
You block the hornet's attack. The hornet misses you.
You block the orc priest's attack.
You barely miss the hornet. Your grab misses the hornet.
The hornet is almost dead.
You feel yourself speed up.
You kill the hornet!
Cheibriados thoroughly appreciates the change of pace.
The orc priest calls down the wrath of Beogh upon you.
Pain shoots through your body!
Your Dodging skill increases to level 5!
You hit the orc priest. You grab the orc priest. You squeeze the orc priest!
The orc priest is almost dead.
You constrict the orc priest.
You kill the orc priest!
Cheibriados appreciates the change of pace.
You start resting.
You feel strangely unstable.
You are yanked towards some nearby monsters!
Your surroundings suddenly seem different.
There are monsters nearby!
There is a stone staircase leading up here.
The wight hits you with a +4 great sword!!
* * * LOW HITPOINT WARNING * * *
You climb upwards.
The troll closely misses you. The troll claws you but does no damage.
You block the troll's attack. x2
The troll completely misses you. The troll claws you!
You die...

#.#.......... #..≈..#≈#≈# .#
#.#.......... #.≈#...#≈#.
..#.#.#)......... #..≈#...#..
....#............ #..#≈#...#.
....#...####+###. #..##≈#.#≈#
.......>###### #..#≈#.#≈#≈
.....#.......# ...≈#...#≈#
.......#####.##### ###.#≈#...#.
.......))...(..T@# #.##≈#...#
......)#)..#.###z# #.# #≈#.#≈
......(#...#.# #.# #.####≈#≈#
.......#...#.# #.#######.#....≈##
......!....... ............#####
...†.......... ........<.........
.............###...........######
..#..........# #...........#
.##.####+### ...........#


You could see a troll and a wight.

Vanquished Creatures
  Pikel (D:4)
  A hornet (D:8)
  Edmund (D:4)
  2 water moccasins (D:5)
  An ice beast (D:7)
  A black bear (D:6)
  2 sky beasts
  3 ogres
  3 necrophages
  A centaur (D:6)
  A lemure (D:4)
  Blork the orc (D:4)
  A kobold brigand (D:5)
  A wyvern zombie (D:5)
  A gnoll sergeant (D:6)
  An electric eel (D:7)
  2 bullfrog zombies (D:5)
  5 orc priests
  A centaur zombie (D:8)
  A hound (D:6)
  A gnoll shaman (D:7)
  Ijyb (D:3)
  Terence (D:3)
  Natasha (thrice) (D:3)
  An iguana (D:6)
  2 orc wizards
  A scorpion zombie (D:5)
  A hound skeleton (D:5)
  Robin (D:4)
  11 gnolls
  4 adders
  2 adder skeletons (D:4)
  2 worms (D:2)
  2 dart slugs
  19 orcs
  8 ball pythons
  8 endoplasms
  3 giant cockroaches
  13 goblins
  17 hobgoblins
  3 quokkas
  4 bats
  6 frilled lizards
  15 kobolds
  10 rats
170 creatures vanquished.

Vanquished Creatures (others)
  16 plants
  3 withered plants (D:2)
19 creatures vanquished.

Grand Total: 189 creatures vanquished

Notes
Turn   | Place    | Note
-------+----------+-------------------------------------------
     0 | D:1      | MisterFreud the Octopode Conjurer began the quest for the
                  | Orb.
     0 | D:1      | Reached XP level 1. HP: 11/11 MP: 3/3
   198 | D:1      | Reached XP level 2. HP: 17/17 MP: 3/5
   275 | D:1      | Learned a level 2 spell: Searing Ray
  1015 | D:1      | Reached XP level 3. HP: 21/21 MP: 4/7
  1866 | D:2      | Reached XP level 4. HP: 23/27 MP: 2/9
  2080 | D:2      | Found a faded altar of an unknown god.
  2700 | D:3      | Noticed Terence
  2711 | D:3      | Killed Terence
  2987 | D:3      | Found a shimmering blue altar of Sif Muna.
  3002 | D:3      | Reached skill level 5 in Conjurations
  3002 | D:3      | Reached XP level 5. HP: 31/31 MP: 6/11
  3147 | D:3      | Found a sparkling altar of Nemelex Xobeh.
  3212 | D:3      | Noticed Ijyb
  3218 | D:3      | Killed Ijyb
  3498 | D:3      | Gained mutation: You are occasionally teleported next to
                  | monsters. [potion of mutation]
  3498 | D:3      | Gained mutation: You are partially covered in iridescent
                  | scales. (AC +2) [potion of mutation]
  3505 | D:3      | Reached XP level 6. HP: 4/36 MP: 10/12
  3799 | D:3      | Noticed Natasha
  3804 | D:3      | Killed Natasha
  3805 | D:3      | Reached skill level 1 in Shields
  3865 | D:3      | Found an ancient bone altar of Kikubaaqudgha.
  3941 | D:3      | Found a glowing golden altar of the Shining One.
  4181 | D:3      | Noticed Natasha
  4198 | D:3      | Killed Natasha
  4437 | D:3      | Noticed Natasha
  4445 | D:3      | Killed Natasha
  4617 | D:3      | Identified a scroll of acquirement
  4617 | D:3      | Acquired the ring "Yroashri" {rC- Will+ Str+9}
  4678 | D:4      | Noticed Robin
  4709 | D:4      | Killed Robin
  4924 | D:4      | Noticed Pikel
  4966 | D:4      | Killed Pikel
  4967 | D:4      | Reached skill level 4 in Short Blades
  4967 | D:4      | Reached XP level 7. HP: 13/41 MP: 10/13
  5188 | D:4      | Reached XP level 8. HP: 15/46 MP: 14/14
  5559 | D:4      | Reached skill level 5 in Short Blades
  5668 | D:4      | Noticed Edmund
  5683 | D:4      | Killed Edmund
  5684 | D:4      | Reached skill level 6 in Short Blades
  6348 | D:4      | Found a broken altar of Ashenzari.
  6420 | D:4      | Noticed Blork the orc
  6427 | D:5      | Entered Level 5 of the Dungeon
  6458 | D:4      | Killed Blork the orc
  6957 | D:5      | Reached skill level 7 in Short Blades
  7121 | D:5      | Got the Grimoire of Air
  7422 | D:5      | Reached skill level 8 in Short Blades
  7887 | D:5      | Reached XP level 9. HP: 51/51 MP: 9/15
  8922 | D:6      | Reached skill level 9 in Short Blades
  9796 | D:7      | Found a staircase to the Ecumenical Temple.
  9825 | Temple   | Entered the Ecumenical Temple
 10021 | Temple   | Became a worshipper of Cheibriados the Contemplative
 10054 | D:7      | Reached skill level 10 in Short Blades
 10064 | D:7      | Noticed a troll
 10287 | D:8      | Noticed a hornet
 10292 | D:8      | Paralysed by a hornet for 1 turns
 10296 | D:8      | Killed a hornet
 10297 | D:8      | Reached skill level 5 in Dodging
 10306 | D:7      | Mangled by a troll

Illustrated notes

Levels and vault maps discovered:
D:1:      elethiomel_arrival_infinity_welcomes_careful_drivers,
          layout_loops_corners
D:2:      layout_loops_ring, ebering_ecumenical_altar_petrified,
          minmay_parallelograms, minmay_domino_4
D:3:      layout_basic, marbit_many_paths, tso_oasis_becter,
          nemelex_xobeh_ov_fountains_minmay, nicolae_sif_muna_condensation,
          uniq_ijyb, uniq_terence, uniq_natasha
D:4:      layout_layer_cave, mainiacjoe_overflow_paths, uniq_pikel, uniq_robin,
          uniq_edmund, uniq_blork_the_orc
D:5:      layout_layer_cave, lexackson_kobold_supper
D:6:      layout_basic, nicolae_zen_rock_garden, minmay_misc_feat_tower
D:7:      layout_basic, minmay_temple_entry_proselytizer, nicolae_water_bricks,
          grunt_ministairs_12
D:8:      layout_cave_pools, nicolae_overflow_hidden_temple, uniq_harold
Temple:   nicolae_temple_hex_pool

Skill      XL: |  1  2  3  4  5  6  7  8  9 |
---------------+----------------------------+-----
Spellcasting   | 3 4 |  4.0
Conjurations   | 5 6 |  6.0
Shields        | 4 |  4.0
Short Blades   | 4 8 10 | 10.0
Dodging        | 5 |  5.6
Stealth        | |  2.6

Action                   |  1- 3 |  4- 6 |  7- 9 || total
-------------------------+-------+-------+-------++-------
Melee: Unarmed           |     6 |    21 |       ||    27
       Tentacles         |     6 |     7 |    21 ||    34
       Constrict         |     3 |     7 |    21 ||    31
       Dagger            |       |     8 |   100 ||   108
 Cast: Magic Dart        |    81 |   100 |   100 ||   281
       Searing Ray       |       |    10 |    14 ||    24
  Use: Potion            |       |     4 |     1 ||     5
       Scroll            |       |     4 |     9 ||    13
 Stab: Distracted        |       |       |     1 ||     1
       Sleeping          |       |       |     1 ||     1
Armor: Skin              |     1 |    12 |    11 ||    24
Dodge: Dodged            |    12 |    17 |    54 ||    83
Block: Buckler           |       |       |    17 ||    17
